 Dungeon Crawl Stone Soup version 0.27-a0-607-g1ad3dbde53 (webtiles) character file.

Game seed: 11744881030392142932

2845 Astera the Fighter (level 9, -5/70 HPs)
             Began as a Gnoll Wanderer on Mar 9, 2021.
             Was a Follower of Hepliaklqana.
             Slain by a troll (6 damage)
             ... on level 9 of the Dungeon on Mar 13, 2021.
             The game lasted 00:25:31 (6926 turns).

Astera the Fighter (Gnoll Wanderer)                 Turns: 6926, Time: 00:25:32

Health: -5/70      AC: 15    Str: 14    XL:     9   Next: 74%
Magic:  15/15      EV:  8    Int: 11    God:    Hepliaklqana [*.....]
Gold:   223        SH:  0    Dex: 13    Spells: 17/17 levels left

rFire    + . .     SeeInvis .   a - +2 falchion
rCold    + . .     Faith    .   (no shield)
rNeg     . . .     Spirit   .   h - +3 chain mail {rC+}
rPois    .         Reflect  .   j - +0 helmet
rElec    .         Harm     .   (no cloak)
rCorr    +         Rampage  .   n - +0 pair of gloves
Will     .....                  (no boots)
Stlth    ..........             i - amulet of regeneration
HPRegen  1.21/turn              y - ring of resist corrosion
MPRegen  0.14/turn              q - ring of protection from fire

@: lethally poisoned (-5 -> -6)
A: reduced essence, fangs 1, strong nose, distributed training
a: Renounce Religion, Recall Ancestor, Ancestor Identity


You were on level 9 of the Dungeon.
You worshipped Hepliaklqana.
Hepliaklqana was aware of your devotion.
You visited 2 branches of the dungeon, and saw 10 of its levels.

You collected 223 gold pieces.

Inventory:

Hand Weapons
 a - a +2 falchion (weapon)
Armour
 f - a +1 leather armour of poison resistance
 h - a +3 chain mail of cold resistance (worn)
 j - a +0 helmet (worn)
 n - a +0 pair of gloves (worn)
Jewellery
 i - an amulet of regeneration (around neck)
 q - a ring of protection from fire (left hand)
 r - a ring of positive energy
 y - a ring of resist corrosion (right hand)
Wands
 z - a wand of acid (12)
Scrolls
 b - a scroll of fear {unknown}
 c - 2 scrolls of teleportation
 g - 3 scrolls of enchant armour {unknown}
 o - 3 scrolls of fog {unknown}
 p - 3 scrolls of identify {unknown}
 t - a scroll of blinking {unknown}
 u - a scroll of amnesia {unknown}
 v - a scroll of random uselessness {unknown}
 x - a scroll of holy word {unknown}
Potions
 d - a potion of curing
 e - a potion of flight
 k - a potion of lignification {unknown}
 l - a potion of degeneration {unknown}
 m - 2 potions of cancellation {unknown}
 s - a potion of attraction {unknown}
 w - a potion of heal wounds {unknown}


   Skills:
 + Level 9.7 Fighting
 + Level 4.5 Short Blades
 + Level 8.0 Long Blades
 + Level 4.5 Axes
 + Level 4.5 Maces & Flails
 + Level 4.5 Polearms
 + Level 4.5 Staves
 + Level 4.5 Slings
 + Level 4.5 Bows
 + Level 4.5 Crossbows
 + Level 4.5 Throwing
 + Level 4.5 Armour
 + Level 5.3 Dodging
 + Level 4.5 Stealth
 + Level 5.3 Shields
 + Level 4.5 Unarmed Combat
 + Level 4.5 Spellcasting
 + Level 3.7 Conjurations
 + Level 3.7 Hexes
 + Level 3.7 Summonings
 + Level 3.7 Necromancy
 + Level 3.7 Translocations
 + Level 3.7 Transmutations
 + Level 3.7 Fire Magic
 + Level 3.7 Ice Magic
 + Level 3.7 Air Magic
 + Level 3.7 Earth Magic
 + Level 3.7 Poison Magic
 + Level 5.0 Invocations
 + Level 5.3 Evocations


You had 17 spell levels left.
You didn't know any spells.
Your spell library was empty.

Dungeon Overview and Level Annotations

Branches:
Dungeon (9/15)             Temple (1/1) D:7
   Lair: D:8-11         Orc: D:9-12

Altars:
Ashenzari
Cheibriados
Elyvilon
Fedhas
Gozag
Hepliaklqana
Kikubaaqudgha
Makhleb
Nemelex Xobeh
Okawaru
Qazlal
Ru
Sif Muna
Trog
Uskayaw
Wu Jian
Xom
Yredelemnul
Zin
The Shining One

Shops:
D:6 *   D:7 *


Innate Abilities, Weirdness & Mutations

You have very sharp teeth.
Your uncanny sense of smell can sniff out nearby items.
Your experience applies equally to all skills.
Your life essence is reduced to manifest your ancestor. (-10% HP)


Message History

The jelly barely misses you.
You riposte.
You slash the jelly!
You kill the jelly!
Shedsu-nefertum completely misses the iguana.
You closely miss the iguana.
Shedsu-nefertum barely misses the iguana.
The iguana bites you but does no damage.
You slash the iguana!
The iguana is heavily wounded.
You feel sick.
Shedsu-nefertum hits the iguana.
The iguana closely misses you.
You riposte.
You closely miss the iguana.
The iguana is heavily wounded.
You closely miss the iguana.
The iguana is heavily wounded.
Shedsu-nefertum hits the iguana!
The iguana dies!
Shedsu-nefertum hits the troll.
The troll bites Shedsu-nefertum!!
The troll closely misses Shedsu-nefertum.
The troll claws Shedsu-nefertum!
Shedsu-nefertum is destroyed!
There is a stone staircase leading up, spattered with blood here.
You closely miss the troll. Your bite misses the troll.
You feel sick. The troll bites you but does no damage.
The troll barely misses you. The troll claws you!
* * * LOW HITPOINT WARNING * * *
You hit the troll. Your bite misses the troll.
The troll is lightly wounded.
The troll bites you.
* * * LOW HITPOINT WARNING * * *
The troll claws you!
* * * LOW HITPOINT WARNING * * *
The troll claws you.
* * * LOW HITPOINT WARNING * * *
You closely miss the troll.
The troll is lightly wounded.
You closely miss the troll.
The troll is lightly wounded.
The troll bites you!
* * * LOW HITPOINT WARNING * * *
The troll claws you.
You die...

### # /.# .. #.#
.y #. #.# ... #.
#.# ##.###.##.#
..........#
.....#(T.#
##.#..#.@.# #
..$.......##.##
#######†#.....##
##.........
...?.....#######
...........
.......#####
....... ∆.......


You could see a troll.

Vanquished Creatures
  Pikel (D:5)
  Grinder (D:6)
  Prince Ribbit (D:5)
  A black bear (D:7)
  An orc warrior (D:8)
  An ice beast (D:8)
  2 ogres
  Blork the orc (D:5)
  2 bullfrogs
  A scorpion (D:8)
  10 killer bees
  A wight (D:8)
  2 howler monkeys
  A jelly (D:9)
  2 hounds
  A bullfrog skeleton (D:5)
  Jessica (D:2)
  Terence (D:2)
  3 worker ants (D:8)
  A hound skeleton (D:9)
  A howler monkey zombie (D:8)
  Robin (D:2)
  9 gnolls
  4 adders
  2 shadow imps (D:6)
  A white imp (D:8)
  3 ufetubi
  An ooze (D:7)
  An adder skeleton (D:4)
  2 dart slugs
  2 leopard geckos
  17 orcs
  2 ball pythons
  7 giant cockroaches
  17 goblins
  11 hobgoblins
  11 jackals
  12 kobolds
  3 quokkas
  10 bats
  6 frilled lizards
  A jackal zombie (D:5)
  A leopard gecko zombie (D:7)
  11 rats
171 creatures vanquished.

Vanquished Creatures (collateral kills)
  An ogre (D:8)
  A hound (D:9)
  An iguana (D:9)
  An orc wizard (D:7)
  An orc (D:7)
5 creatures vanquished.

Vanquished Creatures (others)
  A bullfrog (D:8)
  An iguana (D:8)
  An orc wizard (D:8)
  5 ancestors
  A worker ant zombie (D:8)
  3 plants (D:6)
12 creatures vanquished.

Grand Total: 188 creatures vanquished

Notes
Turn   | Place    | Note
-------+----------+-------------------------------------------
     0 | D:1      | Astera the Gnoll Wanderer began the quest for the Orb.
     0 | D:1      | Astera set off with the following items: a +2 falchion, 2
                  | potions of curing, a +0 robe
     0 | D:1      | Reached XP level 1. HP: 26/26 MP: 1/1
   161 | D:1      | Reached XP level 2. HP: 33/33 MP: 2/2
   539 | D:1      | Reached XP level 3. HP: 38/38 MP: 3/3
   985 | D:2      | Noticed Terence
  1061 | D:2      | Killed Terence
  1062 | D:2      | Reached skill level 1 in Short Blades
  1062 | D:2      | Reached skill level 1 in Axes
  1062 | D:2      | Reached skill level 1 in Maces & Flails
  1062 | D:2      | Reached skill level 1 in Polearms
  1062 | D:2      | Reached skill level 1 in Staves
  1062 | D:2      | Reached skill level 1 in Slings
  1062 | D:2      | Reached skill level 1 in Bows
  1062 | D:2      | Reached skill level 1 in Crossbows
  1062 | D:2      | Reached skill level 1 in Throwing
  1062 | D:2      | Reached skill level 1 in Armour
  1062 | D:2      | Reached skill level 1 in Stealth
  1062 | D:2      | Reached skill level 1 in Unarmed Combat
  1062 | D:2      | Reached skill level 1 in Spellcasting
  1062 | D:2      | Reached skill level 1 in Invocations
  1062 | D:2      | Reached XP level 4. HP: 30/45 MP: 5/5
  1169 | D:2      | Noticed Robin
  1210 | D:2      | Killed Robin
  1211 | D:2      | Reached skill level 1 in Conjurations
  1211 | D:2      | Reached skill level 1 in Hexes
  1211 | D:2      | Reached skill level 1 in Summonings
  1211 | D:2      | Reached skill level 1 in Necromancy
  1211 | D:2      | Reached skill level 1 in Translocations
  1211 | D:2      | Reached skill level 1 in Transmutations
  1211 | D:2      | Reached skill level 1 in Fire Magic
  1211 | D:2      | Reached skill level 1 in Ice Magic
  1211 | D:2      | Reached skill level 1 in Air Magic
  1211 | D:2      | Reached skill level 1 in Earth Magic
  1211 | D:2      | Reached skill level 1 in Poison Magic
  1497 | D:2      | Noticed Jessica
  1508 | D:2      | Killed Jessica
  1509 | D:2      | Reached XP level 5. HP: 51/51 MP: 5/7
  2126 | D:3      | Found a glowing golden altar of the Shining One.
  2126 | D:3      | Found an iron altar of Okawaru.
  2134 | D:3      | Found an opulent altar of Gozag.
  2136 | D:3      | Found a faded altar of an unknown god.
  2138 | D:3      | Found a faded altar of an unknown god.
  2444 | D:3      | Found a shimmering altar of Xom.
  2446 | D:3      | Found a snail-covered altar of Cheibriados.
  2446 | D:3      | Found a glowing silver altar of Zin.
  2448 | D:3      | Found a shimmering blue altar of Sif Muna.
  2448 | D:3      | Found a glowing silver altar of Zin.
  2448 | D:3      | Found a shimmering altar of Xom.
  2589 | D:3      | Found a bloodstained altar of Trog.
  2871 | D:4      | You fall into a shaft and drop 1 floor!
  2871 | D:5      | Entered Level 5 of the Dungeon
  2905 | D:5      | Reached XP level 6. HP: 57/57 MP: 8/8
  2995 | D:5      | Noticed Pikel
  3025 | D:5      | Killed Pikel
  3026 | D:5      | Reached XP level 7. HP: 43/63 MP: 8/10
  3041 | D:5      | Upgraded the game from 0.27-a0-577-ge2a43ba0c9 to
                  | 0.27-a0-607-g1ad3dbde53
  3080 | D:5      | Reached skill level 9 in Fighting
  3123 | D:5      | Noticed Blork the orc
  3142 | D:5      | Killed Blork the orc
  3200 | D:5      | Noticed Prince Ribbit
  3556 | D:5      | Killed Prince Ribbit
  3557 | D:5      | Reached XP level 8. HP: 54/71 MP: 12/12
  3858 | D:6      | Noticed Grinder
  3891 | D:6      | Found a sparkling altar of Nemelex Xobeh.
  4345 | D:6      | Paralysed by Grinder for 3 turns
  4353 | D:6      | Killed Grinder
  4609 | D:6      | Found a basalt altar of Yredelemnul.
  4867 | D:6      | Found Erusad's Assorted Antiques.
  4961 | D:7      | Found a staircase to the Ecumenical Temple.
  4974 | Temple   | Entered the Ecumenical Temple
  5447 | Temple   | Became a worshipper of Hepliaklqana the Forgotten
  5528 | D:7      | Found a white marble altar of Elyvilon.
  5624 | D:7      | Found Zin's Purification Station.
  5624 | D:7      | Found a glowing silver altar of Zin.
  5647 | D:7      | Noticed a green ugly thing
  6013 | D:8      | Reached XP level 9. HP: 66/68 MP: 14/14
  6203 | D:8      | Reached * piety under Hepliaklqana
  6237 | D:8      | Reached skill level 5 in Dodging
  6237 | D:8      | Reached skill level 5 in Shields
  6237 | D:8      | Reached skill level 5 in Evocations
  6296 | D:8      | Noticed an efreet
  6340 | D:8      | HP: 3/69 [efreet/+4 scimitar of flaming (1)]
  6887 | D:8      | HP: 3/70 [killer bee (1)]
  6913 | D:9      | Reached skill level 5 in Invocations
  6914 | D:9      | Noticed a troll
  6926 | D:9      | HP: 1/70 [troll (8)]
  6926 | D:9      | Slain by a troll

Illustrated notes

Levels and vault maps discovered:
D:1:      psy_arrival_spokes, layout_loops_ring, hangedman_feature_mirror
D:2:      layout_basic, minmay_octomino_j4, uniq_terence, uniq_jessica,
          uniq_robin
D:3:      layout_loops_ring, general_overflow_altar,
          chequers_temple_overflow_minitemple, minmay_misc_feat_x,
          doesnt_xom_only_xom
D:4:      layout_gridville, lemuel_doored_altar, nemelex_diamond_rough_becter
D:5:      layout_loops_ring, st_stairs_13, uniq_pikel, uniq_prince_ribbit1,
          uniq_blork_the_orc
D:6:      corexii_shantytown, layout_loops_corners, old_standard_altar,
          lemuel_coloured_pillars_altar, serial_shops, kennysheep_mini,
          hangedman_glass_teeth, uniq_grinder
D:7:      layout_cave_pools, zin_purify, elyvilon_altar_4,
          minmay_temple_entry_tees
D:8:      nzn_winding_woodlands_medium [nzn_winding_woodlands_5x5_closed_star,
          nzn_winding_woodlands_5x15_sidewinder,
          nzn_winding_woodlands_5x5_cross, nzn_winding_woodlands_hourglass,
          nzn_winding_woodlands_center_pierced_h,
          nzn_winding_woodlands_5x5_three,
          nzn_winding_woodlands_5x5_checkerboard,
          nzn_winding_woodlands_5x15_longhouse,
          nzn_winding_woodlands_5x5_open_star], layout_basic, serial_shops,
          nicolae_shop_behind_doors
D:9:      layout_basic, vehumet_altar_wand_db, lair_entry_dummy,
          nicolae_water_bricks, st_stairs_3, uniq_psyche, uniq_grum
Temple:   minmay_temple_forest_path

Skill      XL: |  1  2  3  4  5  6  7  8  9 |
---------------+----------------------------+-----
Short Blades   | 1 2 3 4 |  4.5
Axes           | 1 2 3 4 |  4.5
Maces & Flails | 1 2 3 4 |  4.5
Polearms       | 1 2 3 4 |  4.5
Staves         | 1 2 3 4 |  4.5
Slings         | 1 2 3 4 |  4.5
Bows           | 1 2 3 4 |  4.5
Crossbows      | 1 2 3 4 |  4.5
Throwing       | 1 2 3 4 |  4.5
Armour         | 1 2 3 4 |  4.5
Stealth        | 1 2 3 4 |  4.5
Unarmed Combat | 1 2 3 4 |  4.5
Spellcasting   | 1 2 3 4 |  4.5
Invocations    | 1 2 3 4 5 |  5.0
Conjurations   | 1 2 3 |  3.7
Hexes          | 1 2 3 |  3.7
Summonings     | 1 2 3 |  3.7
Necromancy     | 1 2 3 |  3.7
Translocations | 1 2 3 |  3.7
Transmutations | 1 2 3 |  3.7
Fire Magic     | 1 2 3 |  3.7
Ice Magic      | 1 2 3 |  3.7
Air Magic      | 1 2 3 |  3.7
Earth Magic    | 1 2 3 |  3.7
Poison Magic   | 1 2 3 |  3.7
Dodging        | 3 4 5 |  5.3
Shields        | 3 4 5 |  5.3
Evocations     | 3 4 5 |  5.3
Long Blades    | 7 8 |  8.0
Fighting       | 9 |  9.7

Action                   |  1- 3 |  4- 6 |  7- 9 || total
-------------------------+-------+-------+-------++-------
Melee: Falchion          |    79 |   169 |   444 ||   692
       Bite              |     6 |    11 |    30 ||    47
       Punch             |     1 |     1 |     8 ||    10
  Use: Scroll            |       |     1 |     1 ||     2
       Potion            |       |       |     8 ||     8
 Stab: Distracted        |       |       |     2 ||     2
Armor: Robe              |     3 |       |       ||     3
       Leather armour    |    19 |     1 |       ||    20
       Chain mail        |       |   111 |   301 ||   412
Dodge: Dodged            |    59 |    48 |   191 ||   298
       Rpst.: Falchion   |    20 |    18 |    55 ||    93

Table legend: (Time is in decaauts)
 A = Elapsed time spent in this place.
 B = Non-inter-level travel time spent in this place.
 C = Inter-level travel time spent in this place.
 D = Time resting spent in this place.
 E = Time spent auto-exploring this place.
 F = Levels seen in this place.
 G = Mean time per level.
                   A        B        C        D        E       F      G
               +--------+--------+--------+--------+--------+-----+--------+
         Total |   6888 |   6524 |    364 |    257 |   4401 |  10 |  688.8 |
       Dungeon |   6388 |   6086 |    302 |    257 |   3965 |   9 |  709.8 |
        Temple |    500 |    438 |     62 |      0 |    436 |   1 |  500.0 |
               +--------+--------+--------+--------+--------+-----+--------+

Top non-repeatable levels by time:
     D:6: 1293 daAuts
     D:2: 1069 daAuts
     D:1: 1003 daAuts
     D:5: 877 daAuts
     D:3: 749 daAuts
     D:8: 725 daAuts
     D:7: 586 daAuts
  Temple: 500 daAuts
     D:4: 43 daAuts
     D:9: 39 daAuts
